PL
PHOENIX HOTSPUR @ BROOKLYN DODGERS
08/13/2019
 
TOP OF THE 1ST
Phoenix Hotspur batting - Pitching for Brooklyn Dodgers : LHP Todd Hines
Pitching: LHP Todd Hines
Batting: RHB Paul Campbell 0-0: Called Strike
0-1: Foul Ball, location: 2F
0-2: Strikes out swinging
Batting: RHB Manny Freitas 0-0: Ball
1-0: Foul Ball, location: 2F
1-1: Fly out, F8 (Flyball, 8LM)
Batting: RHB Donald Thompson 0-0: Foul Ball, location: 2F
0-1: Foul Ball, location: 2F
0-2: Ball
1-2: Strikes out swinging
Top of the 1st over - 0 run(s), 0 hit(s), 0 error(s), 0 left on base; Phoenix 0 - Brooklyn 0
BOTTOM OF THE 1ST
Brooklyn Dodgers batting - Pitching for Phoenix Hotspur : RHP Aki Tanaka
Pitching: RHP Aki Tanaka
Batting: RHB Sean Davis 0-0: Called Strike
0-1: Ball
1-1: Ball
2-1: Ground out 4-3 (Groundball, 13)
Now at 2B: Phil Johnston
Batting: LHB Rubén López 0-0: Ball
1-0: Called Strike
1-1: Ground out 4-3 (Groundball, 4)
Batting: RHB Thom Wilcox 0-0: Ball
1-0: Called Strike
1-1: Foul Ball, location: 2F
1-2: Ground out 6-3 (Groundball, 6M)
Bottom of the 1st over - 0 run(s), 0 hit(s), 0 error(s), 0 left on base; Phoenix 0 - Brooklyn 0
TOP OF THE 2ND
Phoenix Hotspur batting - Pitching for Brooklyn Dodgers : LHP Todd Hines
Batting: LHB Curt Webb 0-0: Called Strike
0-1: Ball
1-1: Swinging Strike
1-2: Ball
2-2: Ground out 1-3 (Groundball, 13)
Batting: LHB Mike Pace 0-0: Called Strike
0-1: Swinging Strike
0-2: Foul Ball, location: 2F
0-2: Strikes out swinging
Batting: LHB Earl Ellis 0-0: Ground out 3-1 (Groundball, 34)
Top of the 2nd over - 0 run(s), 0 hit(s), 0 error(s), 0 left on base; Phoenix 0 - Brooklyn 0
BOTTOM OF THE 2ND
Brooklyn Dodgers batting - Pitching for Phoenix Hotspur : RHP Aki Tanaka
Batting: LHB Ray Sears 0-0: Ball
1-0: SOLO HOME RUN (Flyball, 89XD), Distance : 420 ft
Batting: LHB Pancho García 0-0: Ball
1-0: Swinging Strike
1-1: SINGLE (Flyball, 8RS)
Batting: LHB Chris Gregory 0-0: Ball
1-0: Ball
2-0: Ball
3-0: Called Strike
3-1: Base on Balls
Pancho García to second
Batting: LHB Roberto Rodríguez 0-0: Foul Ball, location: 2F
0-1: Ball
1-1: Called Strike
1-2: Reached on error, E1 (Groundball, 15S)
Pancho García to third
Chris Gregory to second
Batting: SHB Shojiro Kimura 0-0: Ball
1-0: Called Strike
1-1: Ball
2-1: Foul Ball, location: 2F
2-2: SINGLE (Groundball, 34D)
Pancho García scores
Chris Gregory to third
Roberto Rodríguez to second
Runner from 3rd tries for Home, throw and OUT!
Batting: LHB Todd Hines 0-0: Sac Bunt - play at first, batter OUT! 2-4
Roberto Rodríguez to third
Shojiro Kimura to second
Batting: RHB Sean Davis 0-0: Foul Ball, location: 2F
0-1: Ball
1-1: SINGLE (Groundball, 56D)
Roberto Rodríguez scores
Shojiro Kimura to third
Runner from 3rd tries for Home, SAFE, no throw or cutoff
Batting: LHB Rubén López 0-0: Called Strike
0-1: Swinging Strike
0-2: Ball
1-2: Strikes out swinging
Bottom of the 2nd over - 4 run(s), 4 hit(s), 1 error(s), 1 left on base; Phoenix 0 - Brooklyn 4
TOP OF THE 3RD
Phoenix Hotspur batting - Pitching for Brooklyn Dodgers : LHP Todd Hines
Batting: RHB Mike Lewis 0-0: Ball
1-0: Swinging Strike
1-1: Called Strike
1-2: SINGLE (Groundball, 34D)
Batting: LHB Aki Tanaka 0-0: Sac Bunt - play at first, batter OUT! 6-4
Mike Lewis to second
Batting: RHB Raúl González 0-0: Ball
1-0: Ball
2-0: SINGLE (Line Drive, 78S)
Mike Lewis to third
Runner from 3rd tries for Home, SAFE, throw made home
Batting: RHB Phil Johnston 0-0: Ball
1-0: Ball
2-0: Grounds into double play, 5-4-3 (Groundball, 56)
Top of the 3rd over - 1 run(s), 2 hit(s), 0 error(s), 0 left on base; Phoenix 1 - Brooklyn 4
BOTTOM OF THE 3RD
Brooklyn Dodgers batting - Pitching for Phoenix Hotspur : RHP Aki Tanaka
Batting: RHB Thom Wilcox 0-0: Ball
1-0: Foul Ball, location: 2F
1-1: Called Strike
1-2: Ball
2-2: Foul Ball, location: 2F
2-2: Ball
3-2: Foul Ball, location: 2F
3-2: Base on Balls
Batting: LHB Ray Sears 0-0: Ball
1-0: Ball
2-0: Called Strike
2-1: 2-RUN HOME RUN (Flyball, 9D), Distance : 388 ft
Batting: LHB Pancho García 0-0: SINGLE (Groundball, 34D)
Batting: LHB Chris Gregory 0-0: Called Strike
0-1: Called Strike
0-2: Strikes out swinging
Batting: LHB Roberto Rodríguez 0-0: Ball
1-0: Swinging Strike
1-1: Ball
2-1: Called Strike
2-2: Strikes out swinging
Batting: SHB Shojiro Kimura 0-0: Ball
1-0: Called Strike
1-1: Ball
2-1: Ball
3-1: Fly out, F8 (Line Drive, 8LM)
Bottom of the 3rd over - 2 run(s), 2 hit(s), 0 error(s), 1 left on base; Phoenix 1 - Brooklyn 6
TOP OF THE 4TH
Phoenix Hotspur batting - Pitching for Brooklyn Dodgers : LHP Todd Hines
Batting: RHB Manny Freitas 0-0: Ball
1-0: Called Strike
1-1: Ball
2-1: Ball
3-1: Foul Ball, location: 2F
3-2: Base on Balls
Batting: RHB Donald Thompson 0-0: Foul Ball, location: 2F
0-1: Swinging Strike
0-2: Ball
1-2: Ball
2-2: Ball
3-2: Base on Balls
Manny Freitas to second
Batting: LHB Curt Webb 0-0: Ball
1-0: Fly out, F8 (Popup, 6MD)
Batting: LHB Mike Pace 0-0: Called Strike
0-1: Ball
1-1: Foul Ball, location: 2F
1-2: Ball
2-2: Foul Ball, location: 2F
2-2: Ground out 1-3 (Groundball, 34S)
Manny Freitas to third
Donald Thompson to second
Batting: LHB Earl Ellis 0-0: Called Strike
0-1: Ball
1-1: Ball
2-1: Fly out, F8 (Flyball, 8LS)
Top of the 4th over - 0 run(s), 0 hit(s), 0 error(s), 2 left on base; Phoenix 1 - Brooklyn 6
BOTTOM OF THE 4TH
Brooklyn Dodgers batting - Pitching for Phoenix Hotspur : RHP Aki Tanaka
Batting: LHB Todd Hines 0-0: Called Strike
0-1: Ball
1-1: SINGLE (Line Drive, 56D)
Batting: RHB Sean Davis 0-0: DOUBLE (Flyball, 89M)
Todd Hines to third
Batting: LHB Rubén López 0-0: Ball
1-0: Called Strike
1-1: Ball
2-1: Foul Ball, location: 2F
2-2: Ball
3-2: SINGLE (Line Drive, 4MD)
Todd Hines scores
Sean Davis to third
Runner from 3rd tries for Home, SAFE, throw made home
Rubén López to second
Pitching: RHP Rafael Clemente
Batting: RHB Thom Wilcox 0-0: Ground out 6-3 (Groundball, 6)
Rubén López to third
Batting: LHB Ray Sears 0-0: Ball
1-0: Called Strike
1-1: SINGLE (Groundball, 34D) (infield hit)
Rubén López scores
Batting: LHB Pancho García 0-0: Ball
Passed Ball!
Ray Sears to second
1-0: Foul Ball, location: 2F
1-1: Ball
2-1: Ground out 4-3 (Groundball, 4)
Ray Sears to third
Batting: LHB Chris Gregory 0-0: Ground out U3 (Groundball, 3)
Bottom of the 4th over - 3 run(s), 4 hit(s), 0 error(s), 1 left on base; Phoenix 1 - Brooklyn 9
TOP OF THE 5TH
Phoenix Hotspur batting - Pitching for Brooklyn Dodgers : LHP Todd Hines
Batting: RHB Mike Lewis 0-0: Ball
1-0: Ball
2-0: Foul Ball, location: 2F
2-1: Ball
3-1: Base on Balls
Batting: RHB Rafael Clemente 0-0: Bunted foul
0-1: Sac Bunt - play at first, batter OUT! 1-4
Mike Lewis to second
Batting: RHB Raúl González 0-0: Called Strike
0-1: Foul Ball, location: 2F
0-2: Ball
1-2: Ball
2-2: Strikes out swinging
Batting: RHB Phil Johnston 0-0: Ball
1-0: Called Strike
1-1: Fly out, F8 (Line Drive, 8RM)
Top of the 5th over - 0 run(s), 0 hit(s), 0 error(s), 1 left on base; Phoenix 1 - Brooklyn 9
BOTTOM OF THE 5TH
Brooklyn Dodgers batting - Pitching for Phoenix Hotspur : RHP Rafael Clemente
Batting: LHB Roberto Rodríguez 0-0: Called Strike
0-1: Ground out 1-3 (Groundball, 13S)
Batting: SHB Shojiro Kimura 0-0: Ball
1-0: Foul Ball, location: 2F
1-1: Fly out, F3 (Popup, 3S)
Batting: LHB Todd Hines 0-0: Foul Ball, location: 2F
0-1: Foul Ball, location: 2F
0-2: Strikes out swinging
Bottom of the 5th over - 0 run(s), 0 hit(s), 0 error(s), 0 left on base; Phoenix 1 - Brooklyn 9
TOP OF THE 6TH
Phoenix Hotspur batting - Pitching for Brooklyn Dodgers : LHP Todd Hines
Batting: RHB Manny Freitas 0-0: Ground out 5-3 (Groundball, 56S)
Batting: RHB Donald Thompson 0-0: Swinging Strike
0-1: Ground out 5-3 (Groundball, 56)
Batting: LHB Curt Webb 0-0: Called Strike
0-1: Ball
1-1: Foul Ball, location: 2F
1-2: Strikes out swinging
Top of the 6th over - 0 run(s), 0 hit(s), 0 error(s), 0 left on base; Phoenix 1 - Brooklyn 9
BOTTOM OF THE 6TH
Brooklyn Dodgers batting - Pitching for Phoenix Hotspur : RHP Rafael Clemente
Batting: RHB Sean Davis 0-0: Ball
1-0: Ground out 6-3 (Groundball, 6M)
Batting: LHB Rubén López 0-0: Ball
1-0: Ground out U3 (Groundball, 3)
Batting: RHB Thom Wilcox 0-0: Ball
1-0: Ball
2-0: Called Strike
2-1: SOLO HOME RUN (Flyball, 7D), Distance : 391 ft
Batting: LHB Ray Sears 0-0: Ball
1-0: Ball
2-0: Called Strike
2-1: Foul Ball, location: 2F
2-2: Foul Ball, location: 2F
2-2: Foul Ball, location: 2F
2-2: Ball
3-2: Base on Balls
Batting: LHB Pancho García 0-0: 2-RUN HOME RUN (Flyball, 89XD), Distance : 428 ft
Pitching: RHP Ramiro Germán
Batting: LHB Chris Gregory 0-0: Fly out, F6 (Popup, 6)
Bottom of the 6th over - 3 run(s), 2 hit(s), 0 error(s), 0 left on base; Phoenix 1 - Brooklyn 12
TOP OF THE 7TH
Phoenix Hotspur batting - Pitching for Brooklyn Dodgers : LHP Todd Hines
Now at 1B: Brad Perry
Batting: LHB Mike Pace 0-0: Ball
1-0: Called Strike
1-1: Ball
2-1: Ball
3-1: Fly out, F9 (Flyball, 9D)
Batting: LHB Earl Ellis 0-0: Ball
1-0: Ground out 1-3 (Groundball, 25)
Batting: RHB Mike Lewis 0-0: Ball
1-0: Called Strike
1-1: Ground out 6-3 (Groundball, 6M)
Top of the 7th over - 0 run(s), 0 hit(s), 0 error(s), 0 left on base; Phoenix 1 - Brooklyn 12
BOTTOM OF THE 7TH
Brooklyn Dodgers batting - Pitching for Phoenix Hotspur : RHP Ramiro Germán
Batting: LHB Roberto Rodríguez 0-0: Ball
1-0: Fly out, F7 (Flyball, 7M)
Batting: SHB Shojiro Kimura 0-0: Ball
1-0: Called Strike
1-1: SINGLE (Groundball, 4MD)
Batting: LHB Todd Hines 0-0: Bunted foul
0-1: Bunted foul
0-2: Bunted foul, Strikeout!
Batting: RHB Sean Davis 0-0: Ball
Wild Pitch!
Shojiro Kimura to second
1-0: Called Strike
1-1: Foul Ball, location: 2F
1-2: Ball
2-2: SINGLE (Line Drive, 3)
Shojiro Kimura to third
Batting: RHB Brad Perry 0-0: Foul Ball, location: 2F
0-1: Foul Ball, location: 2F
0-2: Strikes out swinging
Bottom of the 7th over - 0 run(s), 2 hit(s), 0 error(s), 2 left on base; Phoenix 1 - Brooklyn 12
TOP OF THE 8TH
Phoenix Hotspur batting - Pitching for Brooklyn Dodgers : LHP Todd Hines
Pinch Hitting: RHB Chriss Mann 0-0: Bunt missed!
0-1: Ball
1-1: Called Strike
1-2: Fly out, F9 (Flyball, 89M)
Batting: RHB Raúl González 0-0: Called Strike
0-1: Ball
1-1: Foul Ball, location: 2F
1-2: Foul Ball, location: 2F
1-2: Strikes out looking
Pinch Hitting: RHB Phil Terry 0-0: Called Strike
0-1: Foul Ball, location: 2F
0-2: Ball
1-2: Ball
2-2: Ball
3-2: Ground out 6-3 (Groundball, 6M)
Top of the 8th over - 0 run(s), 0 hit(s), 0 error(s), 0 left on base; Phoenix 1 - Brooklyn 12
BOTTOM OF THE 8TH
Brooklyn Dodgers batting - Pitching for Phoenix Hotspur : RHP Ramiro Germán
Pitching: RHP Dexter Young
Now at 2B: Phil Terry
Batting: RHB Thom Wilcox 0-0: Called Strike
0-1: Fly out, F5 (Popup, 25F)
Batting: LHB Ray Sears 0-0: Ball
1-0: Ball
2-0: Ball
3-0: Foul Ball, location: 2F
3-1: Base on Balls
Batting: LHB Pancho García 0-0: Fly out, F8 (Flyball, 8RS)
Batting: LHB Chris Gregory 0-0: Ball
1-0: DOUBLE (Flyball, 8LD)
Ray Sears to third
Batting: LHB Roberto Rodríguez 0-0: Ball
1-0: Called Strike
1-1: Swinging Strike
1-2: Hit by Pitch
Batting: SHB Shojiro Kimura 0-0: Ball
1-0: Ball
2-0: Foul Ball, location: 2F
2-1: Ball
3-1: Base on Balls
Ray Sears scores
Chris Gregory to third
Roberto Rodríguez to second
Batting: LHB Todd Hines 0-0: Ball
1-0: Ball
2-0: Foul Ball, location: 2F
2-1: Foul Ball, location: 2F
2-2: Strikes out swinging
Bottom of the 8th over - 1 run(s), 1 hit(s), 0 error(s), 3 left on base; Phoenix 1 - Brooklyn 13
TOP OF THE 9TH
Phoenix Hotspur batting - Pitching for Brooklyn Dodgers : LHP Todd Hines
Batting: RHB Manny Freitas 0-0: SINGLE (Line Drive, 8LS)
Batting: RHB Donald Thompson 0-0: Called Strike
0-1: Ball
1-1: Swinging Strike
1-2: Strikes out swinging
Batting: LHB Curt Webb 0-0: Ball
1-0: DOUBLE (Line Drive, 5L)
Manny Freitas to third
Batting: LHB Mike Pace 0-0: Called Strike
0-1: Swinging Strike
0-2: Foul Ball, location: 2F
0-2: Strikes out swinging
Batting: LHB Earl Ellis 0-0: Foul Ball, location: 2F
0-1: Swinging Strike
0-2: Strikes out looking
Top of the 9th over - 0 run(s), 2 hit(s), 0 error(s), 2 left on base; Phoenix 1 - Brooklyn 13
This league is powered by Out of the Park Baseball, the baseball management simulation game for PC, Mac and Linux
Saturday, July 25th, 2015 - OOTP Baseball 15.6 Build 34